 Dungeon Crawl Stone Soup version 0.21.0-3-g78d12a8 (webtiles) character file.

1735 Monsterracer the Cleaver (level 8, 0/73 HPs)
             Began as a Minotaur Fighter on Jan 13, 2018.
             Was a Follower of Elyvilon.
             Killed from afar by a steam dragon (9 damage)
             ... with a ball of steam
             ... on level 5 of the Dungeon.
             The game lasted 00:06:51 (5518 turns).

Monsterracer the Cleaver (Minotaur Fighter)         Turns: 5518, Time: 00:06:52

Health: 0/73       AC: 14    Str: 23    XL:     8   Next: 76%
Magic:  7/7        EV:  6    Int:  5    God:    Elyvilon [*.....]
Gold:   239        SH: 11    Dex: 13    Spells: 7/7 levels left

rFire    . . .     SeeInvis .   a - +1 war axe
rCold    + . .     Gourm    .   c - +0 shield
rNeg     . . .     Faith    .   C - +2 chain mail {MR+}
rPois    .         Spirit   .   (helmet restricted)
rElec    .         Reflect  .   (no cloak)
rCorr    .         Harm     .   l - +1 pair of gloves
MR       +....                  (no boots)
Stlth    ..........             (no amulet)
HPRegen  0.22/turn              B - +3 ring of dexterity
MPRegen  0.10/turn              g - ring of protection from cold {!d}

@: no status effects
A: retaliatory headbutt, horns 2
a: Lesser Healing, Divine Protection, Renounce Religion


You were on level 5 of the Dungeon.
You worshipped Elyvilon.
Elyvilon was aware of your devotion.
You were hungry.

You visited 1 branch of the dungeon, and saw 5 of its levels.
You also visited: Sewer.

You collected 239 gold pieces.

Inventory:

Hand Weapons
 a - a +1 war axe (weapon)
 s - a +0 flail
 A - a +1 dire flail of holy wrath
Armour
 c - a +0 shield (worn)
 l - a +1 pair of gloves (worn)
 C - a +2 chain mail of magic resistance (worn)
Jewellery
 g - a ring of protection from cold (right hand) {!d}
 B - a +3 ring of dexterity (left hand)
Wands
 h - a wand of flame (36)
 n - a wand of clouds (5)
 o - a wand of digging (12)
Scrolls
 k - 3 scrolls of teleportation
 r - a scroll of remove curse
 t - 2 scrolls of fear {!r}
 x - a scroll of fog
Potions
 b - a potion of resistance {unknown}
 d - 2 potions of might
 e - a potion of cancellation
 i - a potion of flight
 j - a potion of ambrosia {!q}
 m - a potion of lignification {unknown}
 p - a potion of mutation {!q}
 q - 4 potions of heal wounds
 u - a potion of magic {unknown}
 v - 4 potions of curing
 z - a potion of brilliance {unknown}
Comestibles
 f - 10 rations


   Skills:
 + Level 7.1 Fighting
 * Level 8.9 Axes
 + Level 7.0 Armour
 + Level 6.9 Shields


You had 7 spell levels left.
You didn't know any spells.

Dungeon Overview and Level Annotations

Branches:
Dungeon (5/15)
 Temple: D:4-7

Altars:
Elyvilon
Fedhas
Makhleb
Nemelex Xobeh
Yredelemnul
Zin

Annotations:
D:2 exclusion: oklob plant


Innate Abilities, Weirdness & Mutations

You reflexively headbutt those who attack you in melee.
You have a pair of horns on your head.


Message History

The hound zombie barely misses you.
You hit the hound zombie.
The hound zombie is lightly damaged.
You block the hound zombie's attack.
You completely miss the hound zombie.
The hound zombie is lightly damaged.
The hound zombie barely misses you. You furiously retaliate!
You headbutt the hound zombie! You block the hound zombie's attack.
You slash the hound zombie!
You destroy the hound zombie!
You closely miss the orc. The orc hits you but does no damage.
You slash the orc!
You kill the orc!
No target in view!
No target in view!
Things that are here:
a club; a leather armour A worker ant comes into view.
The worker ant twitches its antennae in your direction.
A worker ant is nearby!
The worker ant bites you but does no damage.
You hit the worker ant.
The worker ant is lightly wounded.
The worker ant bites you but does no damage.
You hit the worker ant. You headbutt the worker ant!
The worker ant is almost dead.
The worker ant bites you.
You take 1 damage, and have 70/71 hp.
Your chain mail prevents you from hitting the worker ant.
The worker ant is almost dead.
You block the worker ant's attack.
You slash the worker ant!
You kill the worker ant!
Your Fighting skill increases to level 7!
You regained 2 hp, and now have 72/73 hp.
You are feeling hungry.
Health restored: 73 You open the door.
There is an open door here.
Found 20 arrows.
No target in view!
You see here 20 arrows.
A steam dragon comes into view.
The steam dragon hisses angrily.
A steam dragon comes into view.
The steam dragon hisses angrily.
The steam dragon breathes steam at you. The ball of steam hits you!
The ball of steam hits the fungus.
You take 12 damage, and have 61/73 hp.
The fungus is engulfed in a cloud of scalding steam. x2
You hit the steam dragon. You headbutt the steam dragon!
The steam dragon is heavily wounded.
You hit the fungus. You slash the fungus!
The fungus is engulfed in a cloud of scalding steam. x2
You block the steam dragon's attack.
The steam dragon claws you but does no damage.
You closely miss the steam dragon.
The steam dragon is heavily wounded.
You slash the steam dragon! You hit the fungus. x2
The fungus is engulfed in a cloud of scalding steam. x2
The steam dragon bites you. You block the steam dragon's attack. x2
The steam dragon claws you but does no damage.
You take 6 damage, and have 55/73 hp.
You hit the steam dragon but do no damage.
You headbutt the steam dragon!
The steam dragon is severely wounded.
You hit the fungus. You slash the fungus! You slash the steam dragon!
The steam dragon bites you! The steam dragon barely misses you.
The steam dragon bites you but does no damage.
The steam dragon closely misses you. The steam dragon breathes steam at you.
The ball of steam misses you.
You take 6 damage, and have 49/73 hp.
You are too injured to fight recklessly!
You are too injured to fight recklessly!
You are too injured to fight recklessly!
Your chain mail prevents you from hitting the steam dragon.
The steam dragon is severely wounded.
You hit the steam dragon. You slash the fungus! You completely miss the fungus.
You are engulfed in a cloud of scalding steam.
The fungus is engulfed in a cloud of scalding steam.
The fungus is destroyed!
You block the steam dragon's attack. The steam dragon claws you.
The steam dragon bites you!
* * * LOW HITPOINT WARNING * * *
You block the steam dragon's attack. The steam dragon breathes steam at you.
The ball of steam hits you!
* * * LOW HITPOINT WARNING * * *
You take 30 damage, and have 19/73 hp.
MASSIVE DAMAGE!!
You slash the steam dragon!
You kill the steam dragon!
The steam dragon scales are intact enough to wear.
Your Armour skill increases to level 7!
You barely miss the steam dragon. You hit the fungus.
You are engulfed in a cloud of scalding steam.
* * * LOW HITPOINT WARNING * * *
The steam dragon breathes steam at you. The ball of steam hits you!
You die...

#####.##..#######
#.###[##.≈≈### #.#
###≈≈..≈P# #.#
#.≈.....##
#.####P≈....P^#
###....#^P....^≈#
..###<.##§.^.≈≈#
#.# #.## #≈D[P.#
#.# #.#####^@§#
####.###.#...#.§§#
#............#P§§#
#.##.###.#.#.#§.P#
#.##.# #.#.###...#
##.##.#
#.#.#.#P.P#
...)..#
#.....#≈.##
##.#### ###...#≈.#
#.## #####≈.#


You could see a steam dragon.

Vanquished Creatures
  Sigmund (D:3)
  A steam dragon (D:5)
  Edmund (D:5)
  Duvessa (D:5)
  2 ogres (D:5)
  The ghost of Qupu the Cudgeler, an amateur GnWn (D:3)
  2 bullfrogs (Sewer)
  Dowan (D:5)
  A crimson imp (D:5)
  A hound (D:2)
  An iguana (D:4)
  A jelly (D:5)
  An orc priest (D:3)
  An orc wizard (D:4)
  Ijyb (D:5)
  Natasha (twice) (D:2)
  5 worker ants
  A hound zombie (D:5)
  8 gnolls
  7 river rats (Sewer)
  9 adders
  4 oozes
  5 worms
  2 dart slugs
  3 leopard geckos
  17 orcs
  12 bats
  6 giant cockroaches
  3 goblins
  7 hobgoblins
  16 jackals
  3 quokkas (D:3)
  18 ball pythons
  7 frilled lizards
  6 kobolds
  A quokka skeleton (D:5)
  38 rats
197 creatures vanquished.

Vanquished Creatures (others)
  A fungus (D:5)
1 creature vanquished.

Grand Total: 198 creatures vanquished

Notes
Turn   | Place    | Note
-------+----------+-------------------------------------------
     0 | D:1      | Monsterracer the Minotaur Fighter began the quest for the Orb.
     0 | D:1      | Reached XP level 1. HP: 19/19 MP: 0/0
   196 | D:1      | Reached XP level 2. HP: 27/27 MP: 1/1
   255 | D:1      | Reached skill level 3 in Axes
   553 | D:2      | Found a burning altar of Makhleb.
   561 | D:2      | Reached XP level 3. HP: 22/33 MP: 2/2
   664 | D:2      | Found a sparkling altar of Nemelex Xobeh.
   712 | D:2      | Reached XP level 4. HP: 30/40 MP: 3/3
   936 | D:2      | Reached skill level 4 in Axes
  1293 | D:2      | Reached XP level 5. HP: 46/47 MP: 4/4
  1763 | D:2      | Found a blossoming altar of Fedhas.
  1776 | D:2      | Noticed an oklob plant
  1917 | D:2      | Noticed Natasha
  1921 | D:2      | Killed Natasha
  2076 | D:2      | Noticed Natasha
  2081 | D:2      | Killed Natasha
  2081 | D:2      | Reached skill level 5 in Axes
  2233 | D:3      | Reached XP level 6. HP: 31/55 MP: 5/5
  2255 | D:3      | HP: 27/55 [orc priest/divine providence (9)]
  2257 | D:3      | Reached skill level 5 in Fighting
  2264 | D:3      | HP: 24/56 [gnoll/halberd (5)]
  2544 | D:3      | Found a glowing drain.
  2561 | D:3      | Reached skill level 5 in Armour
  2570 | Sewer    | Entered a sewer
  2592 | Sewer    | Reached skill level 5 in Shields
  2714 | Sewer    | HP: 28/56 [river rat (3)]
  2724 | Sewer    | HP: 28/56 [river rat (3)]
  3050 | Sewer    | HP: 23/56 [bullfrog (6)]
  3051 | Sewer    | Reached skill level 6 in Axes
  3051 | Sewer    | Reached XP level 7. HP: 25/61 MP: 6/6
  3053 | Sewer    | HP: 11/61 [bullfrog (6)]
  3060 | Sewer    | HP: 10/61 [poisoned by an adder]
  3067 | Sewer    | HP: 10/61 [poisoned by an adder]
  3450 | D:3      | Noticed Sigmund
  3455 | D:3      | Killed Sigmund
  3511 | D:3      | Noticed Qupu's ghost (amateur GnWn)
  3530 | D:3      | Killed Qupu's ghost
  3530 | D:3      | Reached skill level 7 in Axes
  3536 | D:3      | HP: 31/63 [poisoned by Qupu's ghost]
  3542 | D:3      | HP: 27/63 [poisoned by Qupu's ghost]
  3548 | D:3      | HP: 25/63 [poisoned by Qupu's ghost]
  3553 | D:3      | HP: 24/63 [poisoned by Qupu's ghost]
  3560 | D:3      | HP: 23/63 [poisoned by Qupu's ghost]
  3568 | D:3      | HP: 23/63 [poisoned by Qupu's ghost]
  3772 | D:3      | Found a glowing silver altar of Zin.
  4350 | D:4      | Found a white marble altar of Elyvilon.
  4358 | D:4      | Became a worshipper of Elyvilon the Healer
  4434 | D:4      | Found a basalt altar of Yredelemnul.
  4593 | D:4      | Found a basalt altar of Yredelemnul.
  4659 | D:4      | Reached XP level 8. HP: 70/70 MP: 7/7
  4816 | D:5      | Entered Level 5 of the Dungeon
  4888 | D:5      | Noticed Duvessa
  4888 | D:5      | Noticed Dowan
  4903 | D:5      | Killed Duvessa
  4908 | D:5      | Reached * piety under Elyvilon
  4911 | D:5      | Killed Dowan
  4911 | D:5      | Reached skill level 8 in Axes
  5058 | D:5      | Noticed Ijyb
  5061 | D:5      | Killed Ijyb
  5092 | D:5      | Noticed Edmund
  5096 | D:5      | Killed Edmund
  5201 | D:5      | HP: 33/71 [ogre/giant club (22)]
  5206 | D:5      | HP: 32/71 [poisoned by a worker ant]
  5214 | D:5      | HP: 32/71 [poisoned by a worker ant]
  5219 | D:5      | HP: 31/71 [crimson imp (1)]
  5517 | D:5      | HP: 34/73 [steam dragon (8)]
  5518 | D:5      | HP: 9/73 [steam dragon] (10)]
  5518 | D:5      | Killed from afar by a steam dragon

Skill      XL: |  1  2  3  4  5  6  7  8 |
---------------+-------------------------+-----
Axes           | 3 4 5 6 7 8 |  8.9
Fighting       | 4 5 6 7 |  7.1
Armour         | 4 5 6 7 |  7.0
Shields        | 4 5 6 |  6.9

Action                   |  1- 3 |  4- 6 |  7- 9 || total
-------------------------+-------+-------+-------++-------
Melee: War axe           |    55 |   221 |   172 ||   448
       Headbutt          |     8 |    37 |    36 ||    81
Throw: Throwing net      |       |     2 |       ||     2
  Use: Scroll            |       |     5 |    11 ||    16
       Potion            |       |       |     1 ||     1
  Eat: Chunk             |       |     7 |     8 ||    15
Armor: Scale mail        |    41 |   122 |     5 ||   168
       Chain mail        |       |       |    82 ||    82
Dodge: Dodged            |    22 |    93 |    47 ||   162
Block: Shield            |    24 |   156 |    94 ||   274

Vault maps used:
D:1:      saegor_arrival_simple_b, minmay_split_cup_small
D:2:      wad_river_or_something, nicolae_overflow_crystal_walls, tgw_fedhas,
          makhleb_blood_cavern_becter, uniq_natasha
D:3:      zin_academy, portal_sewer_entry_c, uniq_sigmund
D:4:      elyvilon_altar_5, kennysheep_mini_moat, first_ration,
          serial_park_tiny_2, serial_bayou_ford_a, yredelemnul_altar_generic
D:5:      kennysheep_steamy, uniq_edmund, uniq_ijyb, uniq_duvessa,
          uniq_prince_ribbit1
Sewer:    sewer_minmay_w
